cellophane, lawful male human Archeologist ... `############## .!.| ---.----------- ..I. ------------- #####*#)*-...*.........| -|-# -`.........`.)#%#######|.*...........| #### |.....).....| *))............| ## # |...-----...| |.............| #`# |...|.{.|...| --------------- ### #...`.{.{|`..| # # #|...|.{.|...| ##)|...-----...| #......`.....| |`....)....`| ------------- cellophane the Investigator Experience level: 6 Strength: 12 Dexterity: 10 Constitution: 13 Intelligence: 11 Wisdom: 17 Charisma: 11 Health: 0(40) Energy: 34(34) Def: 11 Gold: 1858 Moves: 6598 Dungeon seed: ReOCQAAAsGuFy366 Game ID: cellophane_1526136577 Your Inventory: Coins $ - 1858 gold pieces Weapons a - a +2 bullwhip (weapon in hand) T - 6 +0 darts (in quiver) W - 5 cursed +0 darts Z - 10 blessed +0 darts Armor e - a cursed -1 pair of iron shoes n - an uncursed +3 dwarvish iron helm (being worn) q - an uncursed +0 dwarvish cloak (being worn) y - a cursed +0 scale mail (being worn) P - a blessed +1 Uruk-hai shield (being worn) Comestibles b - 2 uncursed food rations Rings h - an uncursed ring of invisibility Wands M - a wand of make invisible (0:4) Tools m - a blessed magic lamp o - an uncursed tin whistle V - an uncursed credit card Gems r - an uncursed touchstone H - 2 uncursed fluorite stones Spells and supernatural/magical abilities: Name Level Category Fail Memory W - pray for help -- divine ? -- Your skills at the end: Fighting Skills Weapon Skills pick-axe [Basic] whip [Basic] Spellcasting Skills Final Attributes: You were piously aligned. You were invisible. You were stealthy. You were fast. You are dead. Vanquished creatures: a giant spider 2 gnome kings 8 bugbears a wood nymph a Mordor orc 2 Uruk-hai 2 orc shamans a violet fungus 7 gnome lords a gnomish wizard a gray ooze 3 elf zombies 2 straw golems a little dog a kitten a dwarf 2 kobold shamans a giant bat 2 dwarf zombies a wererat 3 iguanas 3 acid blobs a coyote 3 manes 3 large kobolds 12 hobgoblins 2 giant rats 2 cave spiders 2 yellow molds 2 red molds 5 gnomes 11 garter snakes a gnome zombie 5 geckos 7 jackals 4 foxes 6 kobolds 4 goblins 5 sewer rats 3 grid bugs 5 lichens a kobold zombie 4 newts 135 creatures vanquished. Voluntary challenges: You used a wielded weapon 169 times, starting on turn 108. You read items or engraved 8 times, starting on turn 1677. You never genocided any monsters. You never polymorphed an object. You changed form 2 times, starting on turn 5650. You used no wishes. You never split a pudding. You never wrote Elbereth's name. You never violated your personal moral code. Dungeon overview: The Dungeons of Doom: levels 1 to 8 Level 1 a long staircase Level 2 an altar to Quetzalcoatl, a fountain Level 3 a fountain, some sinks a long staircase Level 4 a fountain Level 5 a fountain, a throne Level 6 a fountain Level 7 a fountain Level 8 <- You were here many fountains History has recorded: On T:1 you entered the Dungeons of Doom to retrieve the Amulet of Yendor! On T:404 you reached level 2 of The Dungeons of Doom. On T:821 you advanced to experience level 2. On T:877 you reached level 3 of The Dungeons of Doom. On T:1075 you advanced to experience level 3. On T:1257 you reached level 4 of The Dungeons of Doom. On T:1486 you reached level 5 of The Dungeons of Doom. On T:2839 you advanced to experience level 4. On T:3116 you advanced to experience level 5. On T:4321 you reached level 6 of The Dungeons of Doom. On T:4604 you advanced to experience level 6. On T:5165 you reached level 7 of The Dungeons of Doom. On T:5301 you reached level 8 of The Dungeons of Doom. Score breakdown: Gold: 1858 (11120 points) Experience: 6 levels (12456 points) Exploration: 8 levels ( 17.02%) (11702 points) Discoveries: 8 items ( 2.68%) ( 4915 points) Valuables value: (no points given unless you survive) Artifact value: 0 ( 0 points) Variety of kills: 43 monsters ( 11.29%) (10078 points) Turncount: 6598 turns (-1764 points) Survival: died (score multiplied by 80%) Total score: 38805 Latest messages: You see here 2 darts. The sewer rat picks up a dart. There is an open door here. You see here 2 darts. You see here 2 rocks. You hear some noises in the distance. You see here a partly eaten giant spider corpse. You hit the grid bug. The grid bug misses. You kill the grid bug! The quasit bumps right into you! You see here 2 darts. The quasit misses. (3x) You see here a historic statue of a mountain centaur. You see here a historic statue of a plains centaur. (2x) You hear some noises in the distance. You see here a dart. The giant spider bumps right into you! The giant spider bites! The door opens. You see here a brilliant blue potion. A cloud of gas puts you to sleep! It just misses! It bites! (4x) You die... Final status: Goodbye cellophane the Archeologist, killed by a giant spider, while sleeping... You died in The Dungeons of Doom on dungeon level 8 with 38805 points, and 1858 pieces of gold, after 6598 moves. You were level 6 with a maximum of 40 hit points when you died.